 Dungeon Crawl Stone Soup version 0.29.1-12-g30fa7ad0bf (webtiles) character file.

Game seed: 16503601310816945639

274 FexLirch the Gusty (level 6, -1/32 HPs)
             Began as a Tengu Air Elementalist on Jan 11, 2023.
             Slain by a gnoll sergeant
             ... wielding a +0 trident
              (8 damage)
             ... on level 3 of the Dungeon.
             The game lasted 00:09:49 (4295 turns).

FexLirch the Gusty (Tengu Air Elementalist)         Turns: 4295, Time: 00:09:49

Health: -1/32      AC:  3    Str:  8    XL:     6   Next: 24%
Magic:  4/12       EV: 18    Int: 17    God:
Gold:   201        SH:  0    Dex: 15    Spells: 6/12 levels left

rFire   . . .      SeeInvis .   r - staff of poison
rCold   . . .      Faith    .   (no shield)
rNeg    . . .      Spirit   .   a - +0 robe
rPois   +          Reflect  .   (helmet restricted)
rElec   .          Harm     .   (no cloak)
rCorr   .          Rampage  .   l - +0 pair of gloves
Will    +....                   (boots unavailable)
Stlth   ++........              (no amulet)
HPRegen 0.10/turn               m - +4 ring of evasion
MPRegen 0.13/turn               f - ring of willpower

@: swift, flying quickly and evasively, very quick
A: beak, talons 3, nimble flight
a: no special abilities


You were on level 3 of the Dungeon.
You visited 1 branch of the dungeon, and saw 4 of its levels.

You collected 201 gold pieces.

Inventory:

Hand Weapons
 t - a +2 whip of flaming
Armour
 a - a +0 robe (worn)
 l - a +0 pair of gloves (worn)
Magical Staves
 c - a staff of earth
 r - a staff of poison (weapon)
Jewellery
 f - a ring of willpower (right hand)
 m - a +4 ring of evasion (left hand)
Scrolls
 d - 3 scrolls of identify
 e - a scroll of magic mapping {unknown}
 g - 2 scrolls of teleportation
 n - a scroll of summoning {unknown}
 o - a scroll of vulnerability {unknown}
 p - a scroll of blinking {unknown}
Potions
 b - a potion of magic
 h - a potion of lignification {unknown}
 i - 3 potions of attraction {unknown}
 j - 2 potions of mutation {unknown}
 k - 3 potions of curing {unknown}
 q - a potion of haste {unknown}
 s - 2 potions of cancellation {unknown}


   Skills:
 - Level 2.1 Dodging
 - Level 2.0 Stealth
 + Level 3.6 Spellcasting
 + Level 4.7 Conjurations
 + Level 6.1 Air Magic


You had 6 spell levels left.
You knew the following spells:

 Your Spells              Type           Power      Damage    Failure   Level
a - Shock                 Conj/Air       84%        1d8       1%          1
b - Static Discharge      Conj/Air       21%        3-6/arc   2%          2
c - Swiftness             Air            24%        N/A       4%          3

Your spell library contained the following spells:

 Spells                   Type           Power      Damage    Failure   Level
 Airstrike                Air            12%        2d(2-18)  13%         4
 Confusing Touch          Hex            3%         N/A       45%         3
 Yara's Violent Unravell  Hex/Tmut       1%         3d3       99%         5
 Enfeeble                 Hex            1%         N/A       100%        7


Dungeon Overview and Level Annotations

Branches:
Dungeon (4/15)
 Temple: D:4-7

Altars:
Ru

Shops:
D:1 [[=   D:3 (


Innate Abilities, Weirdness & Mutations

You have a beak for a mouth.
You have claws for feet.
Your magical nature lets you fly swiftly and evasively.


Message History

The gnoll sergeant is lightly wounded.
The zap hits the gnoll sergeant but does no damage.
The gnoll sergeant is lightly wounded.
The gnoll sergeant closely misses you. The gnoll sergeant barely misses you.
The gnoll sergeant closely misses you.
Unknown command.
Unknown command.
Unknown command.
The gnoll sergeant closely misses you.
Casting: Shock (safe; 1% risk of failure)
Confirm with . or Enter, or press ? or * to list all spells.
You miscast Static Discharge.
You are very lightly contaminated with residual magic.
Nothing appears to happen.
The gnoll sergeant hits you with a +0 trident!
Your magical contamination has completely faded away.
You see here a +0 club.
A gnoll comes into view. It is wielding a +0 whip.
The orc shouts!
Casting: Static Discharge (safe; 2% risk of failure)
Confirm with . or Enter, or press ? or * to list all spells.
You feel quick.
The gnoll shouts!
You hear a shout!
As you read the scroll labelled CUIMIOGEOV, it crumbles to dust.
It is a scroll of identify.
g - 2 scrolls of teleportation The gnoll sergeant barely misses you.
The gnoll hits you with a +0 halberd!
Casting: Swiftness (dangerous; 4% risk of failure)
Confirm with . or Enter, or press ? or * to list all spells.
The gnoll is struck by an arc of lightning.
The gnoll is moderately wounded.
You are struck by an arc of lightning.
The gnoll is struck by an arc of lightning.
The gnoll is severely wounded.
The lightning grounds out.
The gnoll hits you with a +0 halberd.
* * * LOW HITPOINT WARNING * * *
The gnoll sergeant hits you from afar with a +0 trident!
You die...

#############''''#############...
#.........o.....g............#.go
#)~~~≈~~~~~~~.g..~~~~~~~~~≈≈≈####
≈≈≈≈≈≈≈≈≈≈≈≈~....~≈≈≈~~≈~≈≈≈≈≈≈≈≈
≈~~~≈~≈~~~~≈≈....~~~~~~~)≈~~~~~~~
..........)......................
#####.#.##..........<...#.#####.#
#.#.##.#.######.......# #..
#.#.......g.@g..#####)# ##.#
#.###....######.# #g####... ##.#
#.)### #.# #>....... #..# #..#
#.# #.####... #.## #..# #.#####.#
##<# #.# #..########.......# #.#
#.# #...........####### #.# #.#
##.########.# ####.# #.#
#..........# #....#


You could see a gnoll sergeant and a gnoll.

Vanquished Creatures
  A howler monkey (D:3)
  2 hounds (D:3)
  4 gnolls (D:3)
  2 adders (D:2)
  2 dart slugs
  10 orcs (D:3)
  5 ball pythons
  6 endoplasms
  A giant cockroach (D:3)
  10 goblins
  8 hobgoblins
  19 jackals
  6 kobolds
  A quokka (D:2)
  8 bats
  2 frilled lizards
  5 rats
92 creatures vanquished.

Vanquished Creatures (others)
  A fungus (D:3)
  A plant (D:3)
2 creatures vanquished.

Grand Total: 94 creatures vanquished

Notes
Turn   | Place    | Note
-------+----------+-------------------------------------------
     0 | D:1      | FexLirch the Tengu Air Elementalist began the quest for the
                  | Orb.
     0 | D:1      | Reached XP level 1. HP: 10/10 MP: 4/4
    64 | D:1      | Found a faded altar of an unknown god.
   220 | D:1      | Reached XP level 2. HP: 15/15 MP: 1/6
   471 | D:1      | Found Biuky's Antique Armour Emporium.
   537 | D:1      | Found Pukhuor's Armour Emporium.
   822 | D:1      | Found Zyppas's Jewellery Shop.
   972 | D:1      | Reached XP level 3. HP: 19/19 MP: 5/7
  1302 | D:2      | Learned a level 2 spell: Static Discharge
  1306 | D:2      | Learned a level 3 spell: Swiftness
  1510 | D:2      | Reached XP level 4. HP: 24/24 MP: 5/9
  1714 | D:2      | Reached skill level 5 in Air Magic
  1787 | D:2      | Found a sacrificial altar of Ru.
  2785 | D:3      | Noticed an ogre
  3223 | D:3      | Found Rairphi's Weapon Shop.
  3291 | D:3      | Gained mutation: Your magical nature lets you fly swiftly
                  | and evasively. [Tengu growth]
  3291 | D:3      | Reached XP level 5. HP: 28/28 MP: 5/10
  3784 | D:3      | Reached skill level 6 in Air Magic
  3784 | D:3      | Reached XP level 6. HP: 29/32 MP: 6/12
  4295 | D:3      | Slain by a gnoll sergeant

Illustrated notes

Levels and vault maps discovered:
D:1:      minmay_arrival_nine_rooms, layout_loops_cross, serial_shops,
          nicolae_lakefront_shop, shop, nicolae_square_shop,
          hellmonk_ecumenical_altar_dog_temple, minmay_liquid_box
D:2:      layout_basic, basic_altar
D:3:      lemuel_castle_with_subvaults [lemuel_castle_interior_carwin_2],
          layout_loops_ring, serial_shops, nicolae_square_shop,
          guppyfry_early_orc_mine
D:4:      layout_basic, kennysheep_mini_moat, minmay_manual_mandibuliform

Skill      XL: |  1  2  3  4  5 |
---------------+----------------+-----
Conjurations   | 2 3 4 |  4.7
Air Magic      | 5 6 |  6.1
Spellcasting   | 3 |  3.6
Dodging        | |  2.1
Stealth        | |  2.0

Action                   |  1- 3 |  4- 6 || total
-------------------------+-------+-------++-------
Melee: Staff             |     3 |    28 ||    31
       Peck              |     1 |     5 ||     6
       Kick              |     1 |     8 ||     9
 Cast: Shock             |    55 |    98 ||   153
       Static Discharge  |     1 |    16 ||    17
       Swiftness         |       |     1 ||     1
  Use: Scroll            |       |     1 ||     1
 Stab: Sleeping          |       |     1 ||     1
Armor: Robe              |     6 |     9 ||    15
Dodge: Dodged            |    18 |    53 ||    71
